 Dungeon Crawl Stone Soup version 0.23.2-40-g277498a001 (webtiles) character file.

Game seed: 15814874948296108146

238 terix the Grave Robber (level 5, 0/36 HPs)
             Began as a Demonspawn Necromancer on Sept 23, 2019.
             Was a Follower of Sif Muna.
             Slain by an ogre
             ... wielding a cursed -1 giant club
              (5 damage)
             ... on level 4 of the Dungeon.
             The game lasted 00:10:55 (3976 turns).

terix the Grave Robber (Demonspawn Necromancer)     Turns: 3976, Time: 00:10:55

Health: 0/36       AC:  4    Str:  8    XL:     5   Next: 78%
Magic:  0/10       EV: 12    Int: 18    God:    Sif Muna [*.....]
Gold:   129        SH:  0    Dex: 13    Spells: 7/11 levels left

rFire    + . .     SeeInvis .   r - +1 dagger (protect)
rCold    x . .     Gourm    .   (no shield)
rNeg     . . .     Faith    .   a - +0 robe
rPois    +         Spirit   +   (no helmet)
rElec    .         Reflect  .   b - +0 cloak
rCorr    .         Harm     .   (no gloves)
MR       .....                  k - +0 pair of boots
Stlth    ++........             i - amulet of inaccuracy (curse)
HPRegen  0.12/turn              t - ring of fire
MPRegen  0.24/turn              u - ring of poison resistance

@: no status effects
A: magic shield, magic regeneration, rot immunity
a: Divine Energy, Renounce Religion


You were on level 4 of the Dungeon.
You worshipped Sif Muna.
Sif Muna was aware of your devotion.
You were not hungry.

You visited 1 branch of the dungeon, and saw 5 of its levels.

You collected 129 gold pieces.

Inventory:

Hand Weapons
 r - a +1 dagger of protection (weapon)
Missiles
 g - 99 stones (quivered)
 h - 39 poisoned needles
 j - 28 bolts
Armour
 a - a +0 robe (worn)
 b - a +0 cloak (worn)
 d - a +0 ring mail
 k - a +0 pair of boots (worn)
Jewellery
 i - a cursed amulet of inaccuracy (around neck)
 t - a ring of fire (left hand)
 u - a ring of poison resistance (right hand)
Scrolls
 l - 2 scrolls of teleportation {unknown}
 n - a scroll of immolation {unknown}
 o - 2 scrolls of identify {unknown}
 p - a scroll of random uselessness {unknown}
 q - a scroll of blinking {unknown}
 x - a scroll of remove curse {unknown}
 y - a scroll of amnesia {unknown}
Potions
 e - 2 potions of lignification {unknown}
 f - a potion of invisibility {unknown}
 m - a potion of heal wounds
 s - a potion of haste {unknown}
 w - 2 potions of curing {unknown}
Comestibles
 c - 6 rations
 v - 4 chunks of flesh


   Skills:
 + Level 0.9 Fighting
 + Level 0.8 Armour
 - Level 1.7 Dodging
 - Level 1.7 Stealth
 + Level 3.8 Spellcasting
 * Level 1.5 Charms
 + Level 5.9 Necromancy


You had 7 spell levels left.
You knew the following spells:

 Your Spells              Type           Power        Failure   Level  Hunger
a - Pain                  Necr           ###.         1%          1    None
b - Regeneration          Chrm/Necr      ###.......   10%         3    ###....

Your spell library contained the following spells:

 Spells                   Type           Power        Failure   Level  Hunger
 Animate Skeleton         Necr           N/A          1%          1    None
 Vampiric Draining        Necr           ###.......   3%          3    ###....
 Animate Dead             Necr           N/A          13%         4    ####...


Dungeon Overview and Level Annotations

Branches:
Dungeon (5/15)             Temple (0/1) D:4

Altars:
Dithmenos
Makhleb
Sif Muna
Trog
Uskayaw
Xom

Shops:
D:5 %

Annotations:
D:4 2 runed translucent doors


Innate Abilities, Weirdness & Mutations

When hurt, damage is shared between your health and your magic reserves.
You regenerate magic rapidly.
You are immune to rotting.


Message History

Press: ? - help, Shift-Dir - straight line, f/p - ogre
Aim: an ogre, wielding a -1 giant club (almost dead, chance to defeat MR: 83%)
The ogre writhes in agony.
Casting: Pain (safe; 1% risk of failure)
Confirm with . or Enter, or press ? or * to list all spells.
Aiming: Pain (safe; 1% risk of failure)
Press: ? - help, Shift-Dir - straight line, f/p - ogre
Aim: an ogre, wielding a -1 giant club (almost dead, chance to defeat MR: 83%)
The ogre writhes in agony.
The ogre hits you with a cursed -1 giant club!!
Ouch! That really hurt!
* * * LOW HITPOINT WARNING * * *
Casting: Pain (safe; 1% risk of failure)
Confirm with . or Enter, or press ? or * to list all spells.
Aiming: Pain (safe; 1% risk of failure)
Press: ? - help, Shift-Dir - straight line, f/p - ogre
Aim: an ogre, wielding a -1 giant club (almost dead, chance to defeat MR: 83%)
The ogre writhes in agony.
The ogre hits you with a cursed -1 giant club.
You die...

### .......###....#.#
=$8##.......#...#....
...8#.........#..)#.>
Z..+.#.........#....
.+.............#.#
#..#.............
##..............#.
#O................
#@###.........#..#
###...##.<......##..
#)##.#.#....##...... ..#
#.#.##.#........#.#. #.#
#†##.#.#........#### ##.#
#..###.#.....#...# # #..##
####....##....##..##..
#...######..######......##.....
#.............................


You could see an ogre.

Vanquished Creatures
  An orc priest (D:3)
  An iguana (D:4)
  A worker ant (D:4)
  7 adders
  2 oozes
  3 worms
  A dart slug (D:2)
  5 leopard geckos
  8 orcs
  A ball python (D:1)
  5 giant cockroaches
  5 goblins
  4 hobgoblins
  2 jackals (D:4)
  6 kobolds
  10 bats
  6 frilled lizards
  6 rats
74 creatures vanquished.

Notes
Turn   | Place    | Note
-------+----------+-------------------------------------------
     0 | D:1      | terix the Demonspawn Necromancer began the quest for the
                  | Orb.
     0 | D:1      | Reached XP level 1. HP: 13/13 MP: 3/3
   314 | D:1      | Gained mutation: When hurt, damage is shared between your
                  | health and your magic reserves. [demonic ancestry]
   314 | D:1      | Reached XP level 2. HP: 18/19 MP: 3/5
   765 | D:2      | Found a deep blue altar of Sif Muna.
   768 | D:2      | Became a worshipper of Sif Muna the Loreminder
  1152 | D:2      | Found a bloodstained altar of Trog.
  1152 | D:2      | Found a hide-covered altar of Uskayaw.
  1154 | D:2      | Gained mutation: You are immune to rotting. [demonic
                  | ancestry]
  1154 | D:2      | Reached XP level 3. HP: 22/24 MP: 2/7
  1168 | D:2      | Reached skill level 5 in Necromancy
  2213 | D:3      | Gained mutation: You regenerate magic rapidly. [demonic
                  | ancestry]
  2213 | D:3      | Reached XP level 4. HP: 26/30 MP: 3/8
  2311 | D:3      | Reached * piety under Sif Muna
  2773 | D:3      | Found a burning altar of Makhleb.
  2777 | D:3      | Found a shimmering altar of Xom.
  2812 | D:3      | Paralysed by a crimson imp for 3 turns
  2828 | D:2      | Learned a level 3 spell: Regeneration
  3224 | D:3      | Reached XP level 5. HP: 25/35 MP: 3/10
  3395 | D:4      | Found a large runed translucent door.
  3396 | D:4      | Found a large runed translucent door.
  3398 | D:4      | Noticed an ogre
  3428 | D:4      | Noticed an ogre
  3434 | D:4      | Found a shadowy altar of Dithmenos.
  3712 | D:4      | Found a staircase to the Ecumenical Temple.
  3725 | D:4      | Reached skill level 1 in Charms
  3793 | D:5      | Entered Level 5 of the Dungeon
  3796 | D:5      | Noticed a centaur
  3807 | D:5      | Found Valluurph's Food Shop.
  3976 | D:4      | Slain by an ogre

Skill      XL: |  1  2  3  4  5 |
---------------+----------------+-----
Necromancy     | 5 |  5.9
Spellcasting   | 3 |  3.8
Charms         | 1 |  1.5
Fighting       | |  0.9
Armour         | |  0.8
Dodging        | |  1.7
Stealth        | |  1.7

Action                   |  1- 3 |  4- 6 || total
-------------------------+-------+-------++-------
Melee: Unarmed           |     9 |     1 ||    10
       Dagger            |       |    16 ||    16
 Cast: Pain              |    69 |    98 ||   167
       Regeneration      |       |     3 ||     3
  Use: Potion            |     1 |       ||     1
  Eat: Chunk             |     4 |     6 ||    10
Armor: Robe              |     4 |    18 ||    22
Dodge: Dodged            |     8 |    40 ||    48
